Map: Frozen Temple

Players

Raguel

  • Race: Zerg Zerg
  • League: Diamond

CrAzYbObO - Winner!

  • Race: Zerg Zerg
  • League: Platinum

VOD

Have the link to the VOD?

Description

Time

  • Played on: May 14, 2016, 11:51 a.m.
  • Length: 12:45
Show
View Real Time Build Order
Export as new Build Order

Raguel Zerg 

Build Orders: Hatch First, Zergling Baneling 

Get SALT Encoding   

  12  0:01  Drone  
  13  0:15  Overlord  
  13  0:26  Drone  
  14  0:35  Drone x2  
  16  0:37  Drone  
  17  0:57  Hatchery  
  17  1:01  Drone  
  17  1:15  Spawning Pool  
  17  1:16  Drone  
  17  1:19  Drone, Extractor  
  17  1:23  Drone  
  18  1:36  Drone  
  19  1:47  Overlord  
  19  2:00  Drone  
  20  2:02  Queen  
  20  2:05  Zergling x2  
  23  2:09  Queen, Zergling x2  
  26  2:24  Metabolic Boost  
  26  2:30  Drone  
  26  2:31  Drone x3  
  30  2:46  Drone  
  30  2:47  Drone x2  
  30  2:48  Baneling Nest  
  32  3:03  Zergling x6  
  34  3:13  Overlord x2  
  34  3:29  Hatchery  
  34  3:34  Zergling x14  
  40  3:43  Baneling  
  40  3:44  Baneling x5  
  40  3:47  Zergling x4  
  42  3:49  Zergling x4  
  40  4:04  Zergling x2  
  40  4:05  Zergling x6  
  40  4:08  Baneling x2  
  26  4:27  Zergling x2  
  26  4:28  Zergling x10  
  31  4:33  Baneling  
  31  4:36  Queen  
  32  5:06  Zergling x2  
  31  5:07  Zergling x22  
  39  5:21  Zergling x6  
  32  5:45  Baneling x6  
  32  5:46  Drone x2  
  32  5:47  Drone x4  
  35  6:02  Zergling x2  
  35  6:03  Zergling x8  
  33  6:41  Zergling x2  
  33  6:42  Zergling x22  
  40  7:05  Drone x7  
  40  7:08  Queen  
  46  7:39  Zergling x12  
  46  7:41  Baneling x4  
  46  7:42  Baneling  
  51  7:46  Baneling x6  
  51  7:51  Drone x7  
  58  7:55  Extractor  
  58  7:56  Extractor  
  53  8:22  Zergling x16  
  53  8:26  Roach Warren  
  55  8:41  Evolution Chamber  
  53  8:59  Drone x4  
  53  9:00  Drone x4  
  51  9:12  Roach x3  
  51  9:13  Overlord x3  
  57  9:31  Roach x4  
  57  9:32  Roach x4  
  67  9:45  Roach  
  67  9:46  Roach x6  
  76  9:59  Roach x5  
  65  10:16  Zergling x16  
  73  10:22  Zerg Missile Weapons Level 1  
  73  10:24  Drone x5  
  78  10:41  Drone x4  
  78  10:57  Roach x2  
  78  10:59  Overlord x3  
  78  11:00  Overlord x2  
  78  11:09  Overlord x3  
  78  11:18  Queen  
  80  11:19  Roach x6  
  92  11:26  Roach x3  
  92  11:29  Roach  
  92  11:30  Roach  
  92  11:31  Zergling x2  
  103  11:43  Lair  
  85  12:03  Zergling x22  
  85  12:05  Queen x2  
  90  12:14  Spore Crawler  
  79  12:16  Spore Crawler  
  79  12:17  Spore Crawler  
  75  12:29  Spore Crawler  
  74  12:35  Spore Crawler  
Show
View Real Time Build Order
Export as new Build Order

CrAzYbObO Zerg - Winner!

Build Orders: Hatch First 

Get SALT Encoding   

  12  0:00  Drone  
  13  0:08  Drone  
  14  0:17  Overlord  
  14  0:26  Drone, Extractor  
  15  0:37  Drone x2  
  17  0:55  Hatchery  
  16  1:09  Spawning Pool  
  15  1:13  Extractor  
  15  1:14  Drone  
  15  1:19  Drone  
  15  1:21  Drone  
  17  1:31  Drone  
  18  1:39  Drone  
  19  1:50  Overlord  
  19  1:56  Queen  
  19  2:00  Zergling x2  
  22  2:08  Queen  
  22  2:10  Drone x2  
  26  2:16  Metabolic Boost  
  26  2:25  Drone  
  26  2:26  Drone  
  28  2:31  Overlord  
  28  2:32  Drone  
  29  2:45  Zergling x2  
  29  2:46  Overlord  
  30  3:01  Zergling x6  
  32  3:07  Drone  
  33  3:21  Zergling x16  
  33  3:24  Hatchery  
  40  3:33  Drone x2  
  42  3:36  Queen  
  42  3:38  Spine Crawler  
  43  3:44  Drone x2  
  43  3:47  Queen  
  47  3:53  Drone x2  
  47  4:02  Drone  
  47  4:03  Drone x2  
  46  4:13  Zergling x8  
  45  4:27  Zergling x10  
  48  4:38  Spine Crawler x2  
  46  4:40  Zergling x6  
  48  4:53  Zergling x4  
  48  4:54  Zergling x4  
  38  5:07  Overlord, Zergling x10  
  40  5:19  Drone  
  40  5:20  Drone  
  38  5:37  Spine Crawler  
  38  5:38  Drone, Zergling x6  
  38  5:39  Zergling x8  
  39  5:45  Drone x2  
  39  6:03  Drone  
  40  6:05  Spine Crawler  
  40  6:06  Drone x4  
  40  6:07  Drone  
  44  6:13  Drone x2  
  44  6:14  Drone  
  47  6:20  Drone, Extractor  
  47  6:23  Drone x4  
  47  6:24  Drone  
  52  6:35  Zergling x6  
  47  6:43  Zergling x4  
  47  6:46  Zergling x2  
  48  6:54  Zergling x4  
  48  6:55  Zergling x8  
  48  7:01  Extractor  
  50  7:09  Roach Warren  
  50  7:10  Drone x3  
  50  7:11  Drone x2  
  54  7:18  Drone x4  
  58  7:24  Drone  
  58  7:25  Drone  
  56  7:42  Spine Crawler  
  55  7:46  Spine Crawler, Overlord x2  
  55  7:50  Lair  
  56  7:51  Roach x3  
  56  7:53  Drone  
  61  7:59  Drone x2, Overlord  
  63  8:10  Roach x2  
  59  8:27  Spine Crawler  
  59  8:29  Spine Crawler  
  59  8:30  Drone x2  
  59  8:35  Roach  
  59  8:36  Roach x4  
  59  8:37  Roach x4  
  77  8:50  Queen  
  77  8:51  Drone x2  
  81  8:59  Roach  
  81  9:00  Roach  
  81  9:02  Roach x4  
  82  9:11  Drone x3  
  82  9:12  Drone x2  
  87  9:24  Drone  
  87  9:27  Spine Crawler  
  87  9:29  Drone x2  
  87  9:30  Drone  
  86  9:54  Overlord, Roach x2  
  86  9:55  Overlord x3  
  88  10:07  Roach x2  
  88  10:22  Hatchery  
  88  10:27  Spire  
  84  10:31  Roach x9  
  102  10:36  Overlord  
  102  11:02  Extractor  
  101  11:05  Drone  
  101  11:06  Drone x2  
  101  11:08  Extractor  
  101  11:09  Drone x4  
  107  11:12  Drone  
  107  11:13  Drone  
  107  11:16  Drone x3  
  112  11:22  Drone x2  
  112  11:23  Extractor  
  113  11:29  Overlord x4  
  113  11:35  Drone x2  
  115  11:43  Mutalisk x3  
  115  11:44  Mutalisk x2  
  117  12:03  Mutalisk x2  
  117  12:04  Mutalisk x5  
  115  12:14  Mutalisk x2  
  109  12:16  Zergling x8  
  109  12:17  Zergling x2  
  109  12:22  Extractor  
  105  12:23  Extractor  
  105  12:24  Zergling x4  
  105  12:28  Hatchery  
Tags
 
Add a new tag
Caveats
  • Supply blocks, unpowered buildings, or Contaminate may cause inaccurate times.
  • Supply counts are checked every 10 seconds.